 Dungeon Crawl Stone Soup version 0.29.1-2-gbd0b4ee654 (webtiles) character file.

Game seed: 13528887678487012757

196 DemonSlayer the Firebug (level 5, 0/36 HPs)
             Began as a Demonspawn Fire Elementalist on Oct 29, 2022.
             Slain by an iguana (9 damage)
             ... on level 4 of the Dungeon.
             The game lasted 00:06:46 (3665 turns).

DemonSlayer the Firebug (DsFE)                      Turns: 3665, Time: 00:06:46

Health: 0/36       AC:  2    Str:  8    XL:     5   Next: 45%
Magic:  3/9        EV: 12    Int: 19    God:
Gold:   14         SH:  0    Dex: 13    Spells: 4/10 levels left

rFire   . . .      SeeInvis .   g - +2 long sword (vorpal)
rCold   . . .      Faith    .   (no shield)
rNeg    . . .      Spirit   .   a - +0 robe
rPois   .          Reflect  .   (helmet restricted)
rElec   .          Harm     .   (no cloak)
rCorr   .          Rampage  .   (no gloves)
Will    .....                   (no boots)
Stlth   ++........              (no amulet)
HPRegen 0.12/turn               (no ring)
MPRegen 0.11/turn               (no ring)

@: no status effects
A: antennae 2, ignite blood 1
a: no special abilities


You were on level 4 of the Dungeon.
You visited 1 branch of the dungeon, and saw 4 of its levels.

You collected 124 gold pieces.
You spent 110 gold pieces at shops.

Inventory:

Hand Weapons
 b - a +0 dagger of flaming
 g - a +2 vorpal long sword (weapon)
Armour
 a - a +0 robe (worn)
Scrolls
 c - 6 scrolls of teleportation
 e - a scroll of silence {unknown}
 f - a scroll of immolation {unknown}
 m - 2 scrolls of blinking {unknown}
Potions
 d - a potion of curing
 h - 2 potions of might
 i - 2 potions of mutation
 j - 2 potions of flight
 k - a potion of attraction {unknown}
 l - a potion of cancellation {unknown}
 n - a potion of haste {unknown}


   Skills:
 + Level 0.3 Fighting
 + Level 1.2 Long Blades
 + Level 1.8 Dodging
 + Level 2.0 Stealth
 + Level 3.1 Spellcasting
 + Level 1.9 Conjurations
 + Level 4.3 Fire Magic


You had 4 spell levels left.
You knew the following spells:

 Your Spells              Type           Power      Damage    Failure   Level
a - Foxfire               Conj/Fire      56%        2x1d6     4%          1
b - Scorch                Fire           38%        2d6       3%          2
c - Summon Guardian Gole  Hex/Summ       2%         N/A       41%         3

Your spell library contained the following spells:

 Spells                   Type           Power      Damage    Failure   Level
 Conjure Flame            Conj/Fire      14%        6-21      13%         3
 Freeze                   Ice            8%         1d3       16%         1
 Summon Small Mammal      Summ           8%         N/A       16%         1
 Static Discharge         Conj/Air       6%         3-4/arc   16%         2
 Inner Flame              Hex/Fire       11%        N/A       19%         3
 Flame Wave               Conj/Fire      14%        2d6       38%         4
 Call Canine Familiar     Summ           2%         N/A       41%         3
 Frozen Ramparts          Ice            4%         1d1       41%         3
 Hailstorm                Conj/Ice       6%         3d4       71%         4
 Olgreb's Toxic Radiance  Pois           2%         N/A       83%         4
 Lightning Bolt           Conj/Air       3%         1d14      96%         5
 Ozocubu's Refrigeration  Ice            1%         4d7       100%        7
 Ignition                 Fire           9%         3d5       100%        8
 Maxwell's Capacitive Co  Air            1%         ∞         100%        8


Dungeon Overview and Level Annotations

Branches:
Dungeon (4/15)
 Temple: D:4-7

Altars:

Shops:
D:2 ?=(


Innate Abilities, Weirdness & Mutations

You have a pair of antennae on your head.
Your demonic aura sometimes causes spilled blood to erupt in flames.


Message History

The necrophage is severely damaged.
Flames lash the necrophage.
The necrophage is burned terribly!
You destroy the necrophage!
An iguana comes into view.
Your Spellcasting skill increases to level 3!
You have reached level 5!
Your demonic ancestry asserts itself...
The antennae on your head grow some more.
You climb upwards.
There is a stone staircase leading down here.
You start resting.
Magic restored.
You start waiting.
Done waiting.
You start waiting.
Done waiting.
You start waiting.
Done waiting.
You climb downwards.
The iguana bites you.
There is a stone staircase leading up here.
Flames lash the iguana.
The iguana is moderately wounded.
The iguana's fire resistance burns away.
The iguana bites you.
Flames lash the iguana.
The iguana is moderately wounded.
The iguana bites you.
Flames lash the iguana.
The iguana is burned terribly!
The iguana is almost dead.
The iguana bites you!
* * * LOW HITPOINT WARNING * * *
You are too injured to fight recklessly!
You are too injured to fight recklessly!
You barely miss the iguana.
The iguana is almost dead.
The iguana barely misses you.
You closely miss the iguana.
The iguana is almost dead.
The iguana bites you!
You die...

. . ... #####..
....#####......#
.............$.#
........@......#
...<.....l.....#
.........#######
####.....#
#.....+ #.....#
#.....$ #......


You could see an iguana (combustible).

Vanquished Creatures
  A bullfrog (D:3)
  A necrophage (D:4)
  2 adders
  A worm (D:2)
  A dart slug (D:1)
  An orc (D:3)
  10 endoplasms
  3 goblins
  3 hobgoblins
  3 quokkas
  3 ball pythons
  4 bats
  7 kobolds
  4 rats
44 creatures vanquished.

Vanquished Creatures (others)
  78 foxfires
78 creatures vanquished.

Grand Total: 122 creatures vanquished

Notes
Turn   | Place    | Note
-------+----------+-------------------------------------------
     0 | D:1      | DemonSlayer the Demonspawn Fire Elementalist began the
                  | quest for the Orb.
     0 | D:1      | Reached XP level 1. HP: 13/13 MP: 3/3
   349 | D:1      | Gained mutation: Your demonic aura sometimes causes spilled
                  | blood to erupt in flames. [demonic ancestry]
   349 | D:1      | Reached XP level 2. HP: 16/19 MP: 0/5
   352 | D:1      | Learned a level 2 spell: Scorch
   640 | D:1      | Reached skill level 3 in Fire Magic
  1379 | D:2      | Found Aschewnoa's Jewellery Emporium.
  1385 | D:2      | Reached XP level 3. HP: 24/24 MP: 1/6
  1401 | D:2      | Found Qaejyabu's Magic Scroll Shoppe.
  1487 | D:2      | Bought a scroll of teleportation for 33 gold pieces
  1554 | D:2      | Found Ziykhli's Antique Weapon Emporium.
  1904 | D:2      | Learned a level 3 spell: Summon Guardian Golem
  2070 | D:2      | Bought a scroll of teleportation for 33 gold pieces
  2354 | D:3      | Reached skill level 1 in Long Blades
  2489 | D:2      | Bought a scroll of identify for 22 gold pieces
  2968 | D:3      | Noticed a bullfrog
  2972 | D:3      | Killed a bullfrog
  2973 | D:3      | Reached skill level 4 in Fire Magic
  2973 | D:3      | Gained mutation: You have a pair of small antennae on your
                  | head. [demonic ancestry]
  2973 | D:3      | Reached XP level 4. HP: 27/30 MP: 2/8
  3239 | D:2      | Bought a scroll of identify for 22 gold pieces
  3291 | D:4      | Noticed a necrophage
  3298 | D:4      | Killed a necrophage
  3299 | D:4      | Gained mutation: You have a pair of antennae on your head.
                  | [demonic ancestry]
  3299 | D:4      | Reached XP level 5. HP: 36/36 MP: 2/9
  3665 | D:4      | Slain by an iguana

Illustrated notes

Levels and vault maps discovered:
D:1:      saegor_arrival_simple_a, layout_rooms, minmay_tetromino_o4
D:2:      layout_loops_ring, serial_shops, shop_statue, nicolae_shop_crystal,
          shop, minmay_statues_item, minmay_misc_feat_rugged
D:3:      layout_loops_cross
D:4:      layout_gridville, temple_hall, minmay_goblin_kobold_house,
          uniq_menkaure

Skill      XL: |  1  2  3  4 |
---------------+-------------+-----
Fire Magic     | 3 4 |  4.3
Long Blades    | 1 |  1.2
Stealth        | 2 |  2.0
Spellcasting   | 3 |  3.1
Fighting       | |  0.3
Dodging        | |  1.8
Conjurations   | |  1.9

Action                   |  1- 3 |  4- 6 || total
-------------------------+-------+-------++-------
Melee: Short sword       |     4 |       ||     4
       Unarmed           |     2 |       ||     2
       Long sword        |    11 |     2 ||    13
 Cast: Foxfire           |    55 |       ||    55
       Scorch            |    15 |     9 ||    24
  Use: Potion            |     1 |       ||     1
       Scroll            |     3 |     1 ||     4
 Stab: Sleeping          |     3 |       ||     3
Armor: Robe              |     3 |       ||     3
Dodge: Dodged            |     7 |     1 ||     8
